[Event "32nd Panamerican Youth 2022"]
[Site "Montevideo"]
[Date "2022.07.02"]
[Round "9.32"]
[White "Yepez Montenegro, Gloria Luz"]
[Black "Perez Hernandez, Vicmary C."]
[Result "0-1"]
[ECO "A45"]
[WhiteElo "1539"]
[BlackElo "1862"]
[Annotator "NA RC"]
[PlyCount "68"]
[EventDate "2022.06.26"]
[EventType "swiss"]
[EventCountry "URU"]
[SourceTitle "playchess.com"]
[Source "ChessBase"]
[SourceQuality "1"]
[TimeControl "5400+30"]

1. d4 Nf6 2. Bf4 g6 3. Nc3 d5 4. e3 Bg7 5. Bd3 O-O 6. h4 h5 7. Qd2 c5 8. dxc5 Nbd7 9. Nf3 Nxc5 10. O-O b6 11. Qe2 Bg4 12. Rad1 Qd7 13. e4 Rfd8 14. e5 Ne8 15. Bb5 Qf5 16. Qe3 Ne6 17. Bxe8 Nxf4 18. Bc6 Bh6 19. Nd4 Qc8 20. Kh2 Bxd1 21. Bxa8 Bxc2 22. Bxd5 Nxd5 23. Qxh6 Nxc3 24. bxc3 Qxc3 25. Nf3 Rd1 26. Ng5 Qxe5+ 27. f4 Qg7 28. Qxg7+ Kxg7 29. Rf2 Bf5 30. Re2 Rd7 31. Rb2 Rc7 32. Re2 f6 33. Nf3 Bg4 34. Kg3 Kf7 0-1

[Event "32nd Panamerican Youth 2022"]
[Site "Montevideo"]
[Date "2022.07.02"]
[Round "9.33"]
[White "Galaviz Medina, Sion Radamantys"]
[Black "Vazquez, Facundo"]
[Result "1/2-1/2"]
[ECO "E32"]
[WhiteElo "2379"]
[BlackElo "2336"]
[Annotator "TA"]
[PlyCount "44"]
[EventDate "2022.06.26"]
[EventType "swiss"]
[EventCountry "URU"]
[SourceTitle "playchess.com"]
[Source "ChessBase"]
[SourceQuality "1"]
[TimeControl "5400+30"]

1. d4 Nf6 2. c4 e6 3. Nc3 Bb4 4. Qc2 O-O 5. a3 Bxc3+ 6. Qxc3 d5 $1 {[%mdl 4] now scores much better than the old 6...b6.} 7. e3 {E36: Nimzo-Indian: Classical: 4...d5 5 a3.} dxc4 8. Bxc4 b6 9. Ne2 Bb7 10. f3 Nbd7 {[%emt 0:08:15] [#]} 11. e4 $146 ({Predecessor:} 11. O-O Qe7 12. e4 Rac8 13. b4 c5 14. Qb3 cxd4 15. Nxd4 Rfd8 16. Be3 Ne5 17. Be2 {0-1 (56) Lysenko,M (2107)-Zhou,G (2237) Moscow 2016}) 11... Rc8 12. b4 Ne8 13. O-O Nd6 14. a4 Qe7 (14... c5 $14 15. Bb5 a6 16. Bxd7 cxb4 17. Qxb4 Qxd7) 15. Bb2 (15. Ba2 $16) 15... Nxc4 $14 16. Qxc4 Rfd8 17. Rfd1 Nf6 18. Nf4 Ne8 19. Qc3 {[%emt 0:00:30] White is more active.} Qg5 20. g3 Rd7 21. Rd3 Rcd8 22. Rad1 Ba6 {[%emt 0:07:22] Weighted Error Value: White=0.14 (very precise) /Black=0.13 (very precise)} (22... c6 $11) 1/2-1/2

[Event "32nd Panamerican Youth 2022"]
[Site "Montevideo"]
[Date "2022.07.02"]
[Round "9.34"]
[White "Vidyarthi, Vyom"]
[Black "Montiel, Angel Nathanael"]
[Result "1-0"]
[ECO "A45"]
[WhiteElo "2391"]
[BlackElo "1901"]
[Annotator "RC"]
[PlyCount "85"]
[EventDate "2022.06.26"]
[EventType "swiss"]
[EventCountry "URU"]
[SourceTitle "playchess.com"]
[Source "ChessBase"]
[SourceQuality "1"]
[TimeControl "5400+30"]

1. d4 Nf6 2. Nc3 d5 3. Bf4 a6 4. e3 Bf5 5. f3 e6 6. g4 Bg6 7. h4 h5 8. g5 Nfd7 9. Bd3 Bxd3 10. Qxd3 c5 11. g6 f6 12. Bxb8 Rxb8 13. Nge2 Bd6 14. Kf1 Qb6 15. Re1 Rh6 16. b3 f5 17. Nf4 Bxf4 18. exf4 Kd8 19. Rg1 Kc7 20. dxc5 Nxc5 21. Qd4 Rg8 22. b4 Nd7 23. Qxb6+ Nxb6 24. Rxe6 d4 25. Ne2 Nd5 26. Nxd4 Nxf4 27. Re7+ Kb8 28. Nxf5 Rxg6 29. Rxg6 Nxg6 30. Rxg7 Rf8 31. Rxg6 Rxf5 32. Kg2 Rf4 33. b5 axb5 34. Kg3 Rc4 35. Rg5 Rxc2 36. Rxh5 b4 37. Rb5 Rc4 38. h5 Ka7 39. h6 Rc6 40. Rh5 Rc8 41. h7 Rh8 42. Kf4 b5 43. Rh6 1-0

[Event "32nd Panamerican Youth 2022"]
[Site "Montevideo"]
[Date "2022.07.02"]
[Round "9.36"]
[White "Hernandez, Jeronimo"]
[Black "Rojas Salas, Steven"]
[Result "1/2-1/2"]
[ECO "A04"]
[WhiteElo "2141"]
[BlackElo "2193"]
[Annotator "RC"]
[PlyCount "73"]
[EventDate "2022.06.26"]
[EventType "swiss"]
[EventCountry "URU"]
[SourceTitle "playchess.com"]
[Source "ChessBase"]
[SourceQuality "1"]
[TimeControl "5400+30"]

1. Nf3 c5 2. c4 Nc6 3. Nc3 e6 4. e3 Nf6 5. d4 d5 6. dxc5 Bxc5 7. Be2 O-O 8. a3 a6 9. b4 Bd6 10. cxd5 exd5 11. Bb2 Re8 12. O-O Bg4 13. g3 Bf8 14. Rc1 Qd7 15. Na4 Ne4 16. Nb6 Qd6 17. Nxa8 Rxa8 18. Nd2 Nxd2 19. Qxd2 Be6 20. Rfd1 Rd8 21. Bd4 Qb8 22. Bb6 Rd7 23. Bd4 g6 24. Bb2 Qd8 25. b5 axb5 26. Bxb5 d4 27. exd4 Bb3 28. Re1 Bd5 29. Qe3 Re7 30. Qf4 Qa5 31. Rxe7 Qxb5 32. Re8 Qxb2 33. Qh6 Qxa3 34. Rc5 Qa1+ 35. Rc1 Qa3 36. Rc5 Qa1+ 37. Rc1 1/2-1/2